 Dungeon Crawl Stone Soup version 0.21.1-1-g345015f (webtiles) character file.

46 Mesmaeker13 the Charmwright (level 3, 0/29 HPs)
             Began as a Demigod Skald on Feb 25, 2018.
             Succumbed to an adder's poison
             ... on level 2 of the Dungeon.
             The game lasted 00:01:36 (922 turns).

Mesmaeker13 the Charmwright (Demigod Skald)          Turns: 922, Time: 00:01:37

Health: 0/29       AC:  8    Str: 21    XL:     3   Next: 27%
Magic:  8/8        EV:  8    Int: 17    God:
Gold:   39         SH:  0    Dex: 15    Spells: 4/5 levels left

rFire    . . .     SeeInvis .   a - +0 spear
rCold    + . .     Gourm    .   (no shield)
rNeg     . . .     Faith    .   l - +0 chain mail
rPois    .         Spirit   .   (no helmet)
rElec    .         Reflect  .   (no cloak)
rCorr    .         Harm     .   (no gloves)
MR       .....                  (no boots)
Stlth    ..........             (no amulet)
HPRegen  0.09/turn              k - ring of protection from cold
MPRegen  0.11/turn              (no ring)

@: mighty, lethally poisoned (0 -> -5), hasted, very quick
A: high mp 1
a: no special abilities


You were on level 2 of the Dungeon.
You were not hungry.

You visited 1 branch of the dungeon, and saw 2 of its levels.

You collected 39 gold pieces.

Inventory:

Hand Weapons
 a - a +0 spear (weapon)
 h - a +0 mace of venom
Missiles
 i - 8 tomahawks (quivered)
Armour
 l - a +0 chain mail (worn)
Jewellery
 k - a ring of protection from cold (left hand)
Scrolls
 b - a scroll of remove curse {unknown}
 e - a scroll of identify {unknown}
 f - a scroll of magic mapping {unknown}
 j - a scroll of enchant weapon {unknown}
Books
 c - a book of Battle

   Spells                             Type                      Level
   a - Infusion                       Charms                       1
   b - Shroud of Golubria             Charms/Translocation         2
   c - Song of Slaying                Charms                       2
   d - Spectral Weapon                Hexes/Charms                 3
   e - Regeneration                   Charms/Necromancy            3
Comestibles
 d - 2 rations
 g - a chunk of flesh


   Skills:
 + Level 2.3 Fighting
 + Level 2.3 Polearms
 + Level 1.6 Armour
 - Level 1.7 Dodging
 - Level 1.7 Spellcasting
 + Level 3.1 Charms


You had 4 spell levels left.
You knew the following spells:

 Your Spells              Type           Power        Failure   Level  Hunger
a - Infusion              Chrm           ##..         50%         1    #......


Dungeon Overview and Level Annotations

Branches:
Dungeon (1/15)


Innate Abilities, Weirdness & Mutations

You have an increased reservoir of magic. (+10% MP)


Message History

You feel sick.
There is a lethal amount of poison in your body!
There is a lethal amount of poison in your body!
It was a potion of haste.
You feel yourself speed up.
* * * LOW HITPOINT WARNING * * *
You feel sick.
* * * LOW HITPOINT WARNING * * *
You feel sick.
* * * LOW HITPOINT WARNING * * *
You feel sick.
* * * LOW HITPOINT WARNING * * *
You feel sick.
* * * LOW HITPOINT WARNING * * *
You feel sick.
* * * LOW HITPOINT WARNING * * *
You feel sick.
Some of the chunks of flesh in your inventory have rotted away.
* * * LOW HITPOINT WARNING * * *
You feel sick.
You die...

#.#######._.##
#.......# ..#
#......##+###
#.....##..#.##
#....##...#..##
#...##....#...##
#..##.....#...÷##
#†##......#.....##
#.#@......#......#
#.............####
###############


There were no monsters in sight!

Vanquished Creatures
  2 adders (D:2)
  A dart slug (D:1)
  2 ball pythons (D:1)
  2 bats (D:1)
  2 giant cockroaches (D:1)
  4 hobgoblins (D:1)
  3 kobolds (D:1)
  4 frilled lizards
  4 goblins (D:1)
  3 rats (D:1)
27 creatures vanquished.

Notes
Turn   | Place    | Note
-------+----------+-------------------------------------------
     0 | D:1      | Mesmaeker13 the Demigod Skald began the quest for the Orb.
     0 | D:1      | Reached XP level 1. HP: 17/17 MP: 5/5
     0 | D:1      | Noticed a centaur
     4 | D:1      | Noticed an ogre
     6 | D:1      | Noticed a vampire
     9 | D:1      | Noticed a troll
    11 | D:1      | Noticed an elf
    11 | D:1      | Noticed a vampire
    13 | D:1      | Noticed a centaur
    13 | D:1      | Noticed a naga
    15 | D:1      | Noticed a felid
    15 | D:1      | Noticed a vampire
    17 | D:1      | Noticed a centaur
    17 | D:1      | Noticed a draconian
    17 | D:1      | Noticed an elf
    19 | D:1      | Noticed a troll
    19 | D:1      | Noticed a vine stalker
    21 | D:1      | Noticed a vine stalker
    40 | D:1      | Reached skill level 1 in Armour
   447 | D:1      | Reached XP level 2. HP: 24/24 MP: 7/7
   537 | D:1      | Reached skill level 3 in Charms
   824 | D:1      | You fall through a shaft!
   824 | D:2      | Found a shattered altar of Ashenzari.
   832 | D:2      | Reached XP level 3. HP: 26/29 MP: 8/8
   919 | D:2      | HP: 1/29 [poisoned by an adder]
   922 | D:2      | Succumbed to an adder's poison

Skill      XL: |  1  2 |
---------------+-------+-----
Armour         | 1 |  1.6
Fighting       | 2 |  2.3
Polearms       | 2 |  2.3
Charms         | 3 |  3.1
Dodging        | |  1.7
Spellcasting   | |  1.7

Action                   || total
-------------------------++-------
Melee: Spear             ||   105
  Use: Potion            ||     2
 Stab: Distracted        ||     1
Armor: Leather armour    ||    18
       Chain mail        ||    12
Dodge: Dodged            ||    42
